 Dungeon Crawl Stone Soup version 0.28.0-45-g0d030f2227 (webtiles) character file.

Game seed: 5773125787929640401

632 issech the Cudgeller (level 7, -1/67 HPs)
             Began as a Troll Monk on Apr 4, 2022.
             Slain by a black bear (2 damage)
             ... on level 4 of the Dungeon.
             The game lasted 00:13:20 (3960 turns).

issech the Cudgeller (Troll Monk)                   Turns: 3960, Time: 00:13:21

Health: -1/67      AC:  6    Str: 20    XL:     7   Next: 24%
Magic:  6/6        EV: 11    Int:  6    God:
Gold:   172        SH:  0    Dex: 14    Spells: 6/6 levels left

rFire   . . .      SeeInvis .   s - +0 flail
rCold   . . .      Faith    .   (no shield)
rNeg    . . .      Spirit   .   b - +0 robe
rPois   .          Reflect  .   (helmet restricted)
rElec   .          Harm     .   z - +1 cloak
rCorr   .          Rampage  .   (gloves unavailable)
Will    .....                   (boots unavailable)
Stlth   ++........              (no amulet)
HPRegen 1.01/turn               (no ring)
MPRegen 0.10/turn               (no ring)

@: no status effects
A: large, unfitting armour, claws 3, regeneration 1, shaggy fur 1, tough skin 1
a: no special abilities


You were on level 4 of the Dungeon.
You visited 1 branch of the dungeon, and saw 5 of its levels.

You collected 172 gold pieces.

Inventory:

Hand Weapons
 a - a +0 mace
 q - a +4 dagger
 s - a +0 flail (weapon)
 C - a +0 shortbow
Missiles
 c - 9 poisoned darts
 h - 6 curare-tipped darts
 j - 39 bolts
 l - 154 stones (quivered)
 r - 4 javelins
 t - 30 sling bullets
 u - 26 arrows
Armour
 b - a +0 robe (worn)
 z - a +1 cloak (worn)
Wands
 n - a wand of polymorph (1)
 B - a wand of digging (5)
Scrolls
 d - 6 scrolls of identify {unknown}
 e - 4 scrolls of teleportation {unknown}
 g - a scroll of acquirement {unknown}
 k - a scroll of fog {unknown}
 x - a scroll of enchant armour {unknown}
 y - a scroll of amnesia {unknown}
 A - a scroll of holy word {unknown}
Potions
 f - a potion of berserk rage {unknown}
 i - a potion of brilliance
 m - a potion of lignification {unknown}
 o - 2 potions of heal wounds {unknown}
 p - a potion of mutation {unknown}
 v - a potion of invisibility {unknown}
 w - a potion of flight {unknown}
 D - a potion of curing {unknown}


   Skills:
 + Level 3.3 Fighting
 + Level 4.7 Maces & Flails
 + Level 3.9 Throwing
 + Level 3.7 Dodging
 + Level 1.2 Stealth


You had 6 spell levels left.
You didn't know any spells.
Your spell library contained the following spells:

 Spells                   Type           Power      Damage    Failure   Level
 Magic Dart               Conj           0%         1d3       45%         1
 Summon Small Mammal      Summ           0%         N/A       45%         1
 Call Imp                 Summ           0%         N/A       58%         2
 Call Canine Familiar     Summ           0%         N/A       83%         3
 Mephitic Cloud           Conj/Pois/Air  0%         N/A       83%         3
 Ozocubu's Armour         Ice            0%         N/A       83%         3
 Summon Guardian Golem    Hex/Summ       0%         N/A       83%         3
 Ozocubu's Refrigeration  Ice            0%         4d5       100%        7


Dungeon Overview and Level Annotations

Branches:
Dungeon (5/15)
 Temple: D:4-7

Altars:
Nemelex Xobeh

Shops:
D:4 *

Annotations:
D:3 2 transporters, NinjaNoafa's ghost, weakling KoAM


Innate Abilities, Weirdness & Mutations

You are too large for most types of armour.
You have claws for hands.
Your natural rate of healing is unusually fast.
You are covered in fur. (AC +1)
You have tough skin. (AC +1)


Message History

The black bear claws you.
You hit the black bear but do no damage.
The black bear is severely wounded.
The black bear bites you. The black bear claws you.
The black bear claws you but does no damage.
The black bear closely misses you. The black bear claws you.
The black bear barely misses you.
You sock the black bear!
The black bear is almost dead.
The black bear bites you. The black bear claws you.
The black bear closely misses you. The black bear bites you!
* * * LOW HITPOINT WARNING * * *
The black bear closely misses you.
The black bear claws you but does no damage.
You hit the black bear but do no damage.
The black bear is almost dead.
The black bear barely misses you.
The black bear claws you but does no damage.
The black bear claws you.
* * * LOW HITPOINT WARNING * * *
You hit the black bear but do no damage.
The black bear is almost dead.
The black bear barely misses you. x2
The black bear claws you but does no damage.
The black bear bites you!
* * * LOW HITPOINT WARNING * * *
The black bear claws you.
* * * LOW HITPOINT WARNING * * *
The black bear claws you.
* * * LOW HITPOINT WARNING * * *
You hit the black bear.
The black bear is almost dead.
The black bear barely misses you.
The black bear claws you but does no damage.
The black bear claws you.
* * * LOW HITPOINT WARNING * * *
The black bear bites you.
* * * LOW HITPOINT WARNING * * *
The black bear misses you. The black bear claws you.
You die...

####.#
#.##.###.#######.##....#.
#....#
#.##..##...............#.
#.####
#.###.##.#######.........
#.# #.# #..#.# #<......#..
##.## #.# ##.#.# #....##....
#...# #.# #...# #.........#
#...#####.# ##..#
#..##...##.
#.........#####h.#
#.....##...
#....###..##....@#
#...##...#. #....#
#..##....#######.##...#...
#....# #..##....#
#............## #....#
#..##....# #........######
#....# #..##....# #........#
# ##.#.#
#..##....###........# #
##.#.###...#....#..........#
#
##[#...#..........#####.####
# ...###.#.....#....# #.# #


You could see a black bear (berserk).

Vanquished Creatures
  A necrophage (D:4)
  A centaur (D:5)
  A phantom (D:4)
  A hound (D:5)
  2 jellies (D:5)
  An iguana (D:5)
  Natasha (thrice) (D:3)
  7 adders
  A gnoll (D:1)
  4 worms
  7 dart slugs
  6 orcs
  10 endoplasms
  A giant cockroach (D:2)
  8 goblins
  9 hobgoblins
  5 kobolds
  6 quokkas
  14 ball pythons
  4 bats
  5 frilled lizards
  4 rats
101 creatures vanquished.

Notes
Turn   | Place    | Note
-------+----------+-------------------------------------------
     0 | D:1      | issech the Troll Monk began the quest for the Orb.
     0 | D:1      | Reached XP level 1. HP: 22/22 MP: 0/0
   168 | D:1      | Reached XP level 2. HP: 29/29 MP: 1/1
   245 | D:1      | Reached skill level 3 in Maces & Flails
   529 | D:1      | Reached XP level 3. HP: 30/36 MP: 2/2
  1217 | D:2      | Reached XP level 4. HP: 44/44 MP: 3/3
  1783 | D:3      | Noticed Natasha
  1825 | D:3      | Killed Natasha
  1826 | D:3      | Reached skill level 1 in Throwing
  1831 | D:3      | Noticed Natasha
  1858 | D:3      | Killed Natasha
  1859 | D:3      | Reached XP level 5. HP: 30/52 MP: 4/4
  1903 | D:3      | Noticed Natasha
  1913 | D:3      | Killed Natasha
  1965 | D:3      | Reached skill level 4 in Maces & Flails
  2590 | D:3      | Noticed an ogre
  2591 | D:3      | Noticed NinjaNoafa's ghost (weakling KoAM)
  2593 | D:3      | Found a transporter.
  2618 | D:3      | Found a transporter.
  2751 | D:4      | Found Xoynt's Elemental Accessories.
  2829 | D:4      | Noticed a phantom
  2856 | D:4      | Killed a phantom
  2857 | D:4      | Reached XP level 6. HP: 18/61 MP: 5/5
  3301 | D:4      | Found a sparkling altar of Nemelex Xobeh.
  3451 | D:5      | Entered Level 5 of the Dungeon
  3694 | D:5      | Reached XP level 7. HP: 62/67 MP: 6/6
  3960 | D:4      | HP: 2/67 [black bear (5)]
  3960 | D:4      | Slain by a black bear

Illustrated notes

Levels and vault maps discovered:
D:1:      amcnicky_arrival_flooded_fountain, layout_loops_ring,
          grunt_decor_resistance
D:2:      minmay_spotlight, layout_loops_corners, minmay_pentomino_pile
D:3:      layout_basic, gammafunk_ghost_smash, kennysheep_doodads, uniq_natasha
D:4:      layout_basic, nemelex_dance_club_becter, hangedman_decor_peaks_small,
          nicolae_elemental_shop
D:5:      cheibrodos_helix_gallery, layout_basic, minmay_puff

Skill      XL: |  1  2  3  4  5  6 |
---------------+-------------------+-----
Maces & Flails | 3 4 |  4.7
Dodging        | 3 |  3.7
Throwing       | 1 2 3 |  3.9
Fighting       | 3 |  3.3
Stealth        | |  1.2

Action                   |  1- 3 |  4- 6 |  7- 9 || total
-------------------------+-------+-------+-------++-------
Melee: Mace              |    87 |    52 |       ||   139
       Punch             |     1 |     3 |       ||     4
       Flail             |       |    90 |    25 ||   115
 Fire: Shortbow          |       |       |     7 ||     7
Throw: Dart              |     3 |     1 |       ||     4
       Boomerang         |    37 |    86 |       ||   123
 Stab: Sleeping          |     1 |       |       ||     1
Armor: Robe              |    28 |    38 |    20 ||    86
Dodge: Dodged            |    41 |    91 |    36 ||   168
